[ AOE2 MATCH · #476778298 ]
UnrankedMapuche vs Franks
Player's team · LOSS
[ REPLAY ANALYSIS · EXTRACTED FROM THE RECORDED GAME ]
Feudal
11:37
Castle
15:22
Imperial
28:33
| APM avg | 20.5 |
| APM peak | 41 |
| eAPM avg | 14.7 |
| Villagers / military | 150 / 516 |
Focus
⚔️ 27.0% · 🌾 73.0%
Spearman ×389 · Bolas Rider ×72 · Mangonel ×25 · Scorpion ×20 · Battering Ram ×8 · Trade Cart ×5
Feudal
13:13
Castle
16:58
Imperial
—
| APM avg | 32.1 |
| APM peak | 98 |
| eAPM avg | 14.2 |
| Villagers / military | 104 / 29 |
Focus
⚔️ 37.9% · 🌾 62.1%
Mangonel ×17 · Knight ×8 · Scorpion ×2 · Battering Ram ×2
Feudal
11:21
Castle
15:14
Imperial
28:16
| APM avg | 61.1 |
| APM peak | 178 |
| eAPM avg | 35.3 |
| Villagers / military | 141 / 595 |
Focus
⚔️ 44.8% · 🌾 55.2%
Knight ×394 · Scout Cavalry ×162 · Trade Cart ×62 · Hand Cannoneer ×33 · Trebuchet (Packed) ×5 · Battering Ram ×1
Feudal
9:25
Castle
21:21
Imperial
43:47
| APM avg | 39.4 |
| APM peak | 77 |
| eAPM avg | 26.0 |
| Villagers / military | 146 / 298 |
Focus
⚔️ 38.1% · 🌾 61.9%
Boyar ×243 · Trade Cart ×60 · Scorpion ×31 · Spearman ×8 · Militia ×6 · Trebuchet (Packed) ×4
Feudal
12:13
Castle
15:43
Imperial
30:58
| APM avg | 34.3 |
| APM peak | 64 |
| eAPM avg | 19.5 |
| Villagers / military | 139 / 332 |
Focus
⚔️ 35.0% · 🌾 65.0%
Spearman ×230 · Conquistador ×95 · Trade Cart ×48 · Trebuchet (Packed) ×4 · Missionary ×3
Feudal
14:29
Castle
18:33
Imperial
40:48
| APM avg | 36.9 |
| APM peak | 78 |
| eAPM avg | 23.6 |
| Villagers / military | 128 / 118 |
Focus
⚔️ 23.4% · 🌾 76.6%
Hussite Wagon ×98 · Bombard Cannon ×9 · Mangonel ×8 · Trebuchet (Packed) ×2 · Monk ×1
Feudal
11:35
Castle
17:57
Imperial
36:09
| APM avg | 43.7 |
| APM peak | 85 |
| eAPM avg | 32.3 |
| Villagers / military | 286 / 520 |
Focus
⚔️ 40.4% · 🌾 59.6%
Genitour ×243 · Spearman ×139 · Camel Archer ×45 · Trade Cart ×43 · Camel Scout ×36 · Mangonel ×23
Feudal
13:18
Castle
17:03
Imperial
29:48
| APM avg | 32.8 |
| APM peak | 101 |
| eAPM avg | 23.2 |
| Villagers / military | 147 / 249 |
Focus
⚔️ 31.6% · 🌾 68.4%
Elephant Archer ×196 · Trade Cart ×64 · Bombard Cannon ×18 · Skirmisher ×15 · Petard ×7 · Trebuchet (Packed) ×5
Match map
Initial resources + every placement click. Lines = walls · curves = elevation contours. ◆ gold · ⬟ stone · ● berries · ✦ relic · ◌ wall gap
Your base· ✓ Closed at 15:22 · 0t walls · fragile
Der ölende Fisch's base· ✓ Closed at 16:58 · 33t walls · fragile
BalkanRedneck's base· ✓ Closed at 15:14 · 0t walls · fragile
GoodMan's base· ✓ Closed at 21:21 · 19t walls · fragile
Ze_Legend's base· ✓ Closed at 15:43 · 0t walls · 1 gate(s) · fragile
privalovivan99's base· ✓ Closed at 18:33 · 48t walls · fragile
105er.G0ldenFir3's base· ✓ Closed at 17:57 · 40t walls · fragile
家豪豪's base· ✓ Closed at 17:03 · 5t walls · fragile
Smoothed initial terrain · ◌ = detected wall gap · hover for details
Inputs per minute
— SvenVonE ツ - - Der ölende Fisch
Build order — SvenVonE ツ
First 150 of 459 actions detected
| 0:01 | Create | Villager (Male) |
| 0:01 | Create | Villager (Male) |
| 0:01 | Create | Villager (Male) |
| 0:02 | Create | Villager (Male) |
| 0:02 | Create | Villager (Male) |
| 0:04 | Build | House |
| 0:05 | Build | House |
| 1:41 | Create | Villager (Male) |
| 2:01 | Create | Villager (Male) |
| 2:26 | Build | Settlement |
| 2:37 | Create | Villager (Male) |
| 2:37 | Create | Villager (Male) |
| 3:12 | Create | Villager (Male) |
| 3:13 | Create | Villager (Male) |
| 3:13 | Create | Villager (Male) |
| 3:44 | Create | Villager (Male) |
| 4:12 | Create | Villager (Male) |
| 4:12 | Create | Villager (Male) |
| 4:13 | Create | Villager (Male) |
| 5:02 | Create | Villager (Male) |
| 5:30 | Build | Settlement |
| 5:35 | Create | Villager (Male) |
| 6:03 | Build | Farm |
| 6:04 | Build | Farm |
| 6:15 | Create | Villager (Male) |
| 6:16 | Create | Villager (Male) |
| 6:31 | Create | Villager (Male) |
| 7:00 | Create | Villager (Male) |
| 7:11 | Build | Farm |
| 7:14 | Build | Farm |
| 8:07 | Create | Villager (Male) |
| 8:19 | Create | Villager (Male) |
| 8:28 | Build | House |
| 8:29 | Build | House |
| 8:40 | Create | Villager (Male) |
| 8:43 | Build | Farm |
| 9:24 | Research | Feudal Age |
| 10:50 | Create | Villager (Male) |
| 10:50 | Create | Villager (Male) |
| 11:29 | Build | House |
| 11:37 | Age | Feudal Age |
| 11:47 | Build | Market |
| 11:53 | Build | Blacksmith |
| 12:42 | Research | Castle Age |
| 12:43 | Research | Castle Age |
| 12:48 | Research | Double-Bit Axe |
| 12:50 | Research | Horse Collar |
| 13:22 | Build | Farm |
| 13:28 | Build | Farm |
| 13:29 | Build | Farm |
| 13:41 | Research | Loom |
| 15:22 | Age | Castle Age |
| 15:26 | Build | Town Center |
| 15:32 | Build | Monastery |
| 15:39 | Research | Bow Saw |
| 15:41 | Create | Villager (Male) |
| 15:41 | Create | Villager (Male) |
| 15:44 | Build | Palisade Wall |
| 15:46 | Build | Palisade Wall |
| 16:27 | Create | Villager (Male) |
| 16:34 | Create | Monk |
| 16:40 | Create | Villager (Male) |
| 16:40 | Create | Villager (Male) |
| 16:41 | Create | Villager (Male) |
| 16:55 | Research | Wheelbarrow |
| 17:13 | Create | Villager (Male) |
| 17:15 | Create | Villager (Male) |
| 17:59 | Create | Villager (Male) |
| 18:03 | Create | Villager (Male) |
| 18:23 | Build | Town Center |
| 18:27 | Research | Heavy Plow |
| 18:28 | Create | Villager (Male) |
| 18:28 | Create | Villager (Male) |
| 18:32 | Build | House |
| 18:33 | Build | House |
| 18:34 | Build | House |
| 18:35 | Build | House |
| 18:36 | Build | House |
| 19:02 | Create | Villager (Male) |
| 19:02 | Create | Villager (Male) |
| 19:09 | Build | Farm |
| 19:09 | Build | Farm |
| 19:10 | Build | Farm |
| 19:11 | Build | Farm |
| 19:13 | Build | Farm |
| 19:14 | Build | Farm |
| 19:19 | Create | Villager (Male) |
| 19:19 | Create | Villager (Male) |
| 19:23 | Build | Farm |
| 19:37 | Create | Villager (Male) |
| 19:37 | Create | Villager (Male) |
| 19:44 | Build | Farm |
| 19:47 | Build | Farm |
| 19:51 | Create | Villager (Male) |
| 19:55 | Build | Farm |
| 20:00 | Build | House |
| 20:01 | Build | House |
| 20:02 | Build | House |
| 20:03 | Create | Villager (Male) |
| 20:03 | Create | Villager (Male) |
| 20:23 | Create | Villager (Male) |
| 20:23 | Create | Villager (Male) |
| 20:24 | Create | Villager (Male) |
| 20:38 | Create | Villager (Male) |
| 20:39 | Create | Villager (Male) |
| 20:44 | Build | Farm |
| 20:44 | Build | Farm |
| 20:45 | Build | Farm |
| 21:00 | Create | Villager (Male) |
| 21:00 | Create | Villager (Male) |
| 21:00 | Create | Villager (Male) |
| 21:03 | Build | Farm |
| 21:06 | Build | Farm |
| 21:16 | Create | Villager (Male) |
| 21:17 | Create | Villager (Male) |
| 21:31 | Build | Settlement |
| 21:34 | Research | Gold Mining |
| 21:42 | Create | Villager (Male) |
| 21:42 | Create | Villager (Male) |
| 21:46 | Build | Farm |
| 21:46 | Build | Farm |
| 21:50 | Build | House |
| 21:51 | Build | House |
| 21:54 | Create | Villager (Male) |
| 21:54 | Create | Villager (Male) |
| 22:17 | Create | Villager (Male) |
| 22:17 | Create | Villager (Male) |
| 22:17 | Create | Villager (Male) |
| 22:31 | Research | Stone Mining |
| 22:32 | Create | Villager (Male) |
| 22:33 | Create | Villager (Male) |
| 22:41 | Build | Farm |
| 22:43 | Build | Farm |
| 22:44 | Build | Farm |
| 22:47 | Build | Farm |
| 22:49 | Create | Villager (Male) |
| 22:49 | Create | Villager (Male) |
| 23:01 | Build | House |
| 23:06 | Build | House |
| 23:06 | Build | House |
| 23:08 | Build | House |
| 23:11 | Create | Villager (Male) |
| 23:12 | Create | Villager (Male) |
| 23:17 | Build | Farm |
| 23:38 | Create | Villager (Male) |
| 23:39 | Create | Villager (Male) |
| 23:39 | Create | Villager (Male) |
| 23:53 | Build | Barracks |
| 24:04 | Research | Fletching |
| 24:05 | Create | Villager (Male) |
Build order — Der ölende Fisch
First 150 of 240 actions detected
| 0:01 | Create | Villager (Male) |
| 0:01 | Create | Villager (Male) |
| 0:02 | Create | Villager (Male) |
| 0:02 | Create | Villager (Male) |
| 0:02 | Create | Villager (Male) |
| 0:43 | Research | Loom |
| 0:44 | Create | Villager (Male) |
| 0:44 | Create | Villager (Male) |
| 0:44 | Create | Villager (Male) |
| 1:05 | Build | Palisade Wall |
| 1:07 | Build | Palisade Wall |
| 1:34 | Build | Palisade Wall |
| 1:58 | Create | Villager (Male) |
| 1:58 | Create | Villager (Male) |
| 1:59 | Create | Villager (Male) |
| 2:31 | Build | Palisade Wall |
| 2:37 | Create | Villager (Male) |
| 2:38 | Create | Villager (Male) |
| 3:13 | Create | Villager (Male) |
| 3:13 | Create | Villager (Male) |
| 3:49 | Create | Villager (Male) |
| 3:49 | Create | Villager (Male) |
| 4:30 | Create | Villager (Male) |
| 4:30 | Create | Villager (Male) |
| 5:05 | Create | Villager (Male) |
| 5:06 | Create | Villager (Male) |
| 6:01 | Create | Villager (Male) |
| 6:01 | Create | Villager (Male) |
| 6:10 | Build | Palisade Wall |
| 6:20 | Create | Villager (Male) |
| 6:20 | Create | Villager (Male) |
| 6:21 | Create | Villager (Male) |
| 6:52 | Build | Lumber Camp |
| 6:53 | Create | Villager (Male) |
| 6:53 | Create | Villager (Male) |
| 7:12 | Create | Villager (Male) |
| 7:13 | Create | Villager (Male) |
| 7:39 | Create | Villager (Male) |
| 7:40 | Create | Villager (Male) |
| 7:40 | Create | Villager (Male) |
| 7:53 | Build | Mill |
| 8:26 | Create | Villager (Male) |
| 8:26 | Create | Villager (Male) |
| 8:26 | Create | Villager (Male) |
| 8:27 | Create | Villager (Male) |
| 9:27 | Create | Villager (Male) |
| 9:27 | Create | Villager (Male) |
| 10:25 | Build | Mining Camp |
| 10:27 | Create | Villager (Male) |
| 10:59 | Research | Feudal Age |
| 11:24 | Build | Farm |
| 11:25 | Build | Farm |
| 12:42 | Create | Villager (Male) |
| 12:42 | Create | Villager (Male) |
| 13:00 | Build | Barracks |
| 13:13 | Age | Feudal Age |
| 13:15 | Build | Blacksmith |
| 13:32 | Build | Stable |
| 14:18 | Research | Castle Age |
| 14:19 | Research | Castle Age |
| 16:21 | Create | Villager (Male) |
| 16:21 | Create | Villager (Male) |
| 16:58 | Age | Castle Age |
| 17:01 | Create | Knight |
| 17:09 | Build | Siege Workshop |
| 17:33 | Create | Knight |
| 17:33 | Create | Knight |
| 17:50 | Create | Villager (Male) |
| 17:59 | Create | Mangonel |
| 18:08 | Build | Stable |
| 18:13 | Create | Villager (Male) |
| 18:13 | Create | Villager (Male) |
| 18:32 | Create | Villager (Male) |
| 18:38 | Research | Double-Bit Axe |
| 18:43 | Research | Horse Collar |
| 18:48 | Create | Battering Ram |
| 19:18 | Create | Villager (Male) |
| 19:47 | Build | Farm |
| 19:57 | Create | Battering Ram |
| 19:58 | Create | Scorpion |
| 19:59 | Create | Scorpion |
| 20:29 | Create | Villager (Male) |
| 20:29 | Create | Villager (Male) |
| 20:29 | Create | Villager (Male) |
| 20:32 | Create | Knight |
| 20:32 | Create | Knight |
| 20:32 | Create | Knight |
| 20:32 | Create | Knight |
| 20:46 | Build | Farm |
| 21:13 | Create | Villager (Male) |
| 21:13 | Create | Villager (Male) |
| 21:40 | Build | Farm |
| 21:42 | Build | Farm |
| 22:07 | Create | Mangonel |
| 22:24 | Create | Villager (Male) |
| 22:25 | Create | Villager (Male) |
| 22:27 | Create | Mangonel |
| 22:27 | Create | Mangonel |
| 23:01 | Create | Villager (Male) |
| 23:01 | Create | Villager (Male) |
| 23:11 | Build | Siege Workshop |
| 23:42 | Create | Mangonel |
| 23:51 | Build | Lumber Camp |
| 24:15 | Create | Villager (Male) |
| 24:15 | Create | Villager (Male) |
| 24:16 | Create | Villager (Male) |
| 24:23 | Build | Farm |
| 25:16 | Create | Mangonel |
| 25:18 | Create | Mangonel |
| 25:19 | Create | Villager (Male) |
| 25:20 | Create | Villager (Male) |
| 25:31 | Create | Villager (Male) |
| 25:32 | Create | Villager (Male) |
| 25:36 | Build | Farm |
| 25:40 | Build | Lumber Camp |
| 25:58 | Create | Mangonel |
| 25:58 | Create | Mangonel |
| 26:03 | Build | Monastery |
| 26:06 | Build | Market |
| 26:55 | Create | Mangonel |
| 26:55 | Create | Mangonel |
| 26:56 | Create | Villager (Male) |
| 26:56 | Create | Villager (Male) |
| 26:57 | Create | Knight |
| 27:25 | Create | Villager (Male) |
| 27:27 | Create | Mangonel |
| 27:27 | Create | Mangonel |
| 27:47 | Build | Town Center |
| 27:50 | Create | Villager (Male) |
| 28:07 | Create | Mangonel |
| 28:07 | Create | Mangonel |
| 28:26 | Create | Mangonel |
| 28:26 | Create | Mangonel |
| 28:32 | Create | Villager (Male) |
| 28:32 | Create | Villager (Male) |
| 28:41 | Build | Farm |
| 28:43 | Build | Farm |
| 28:45 | Build | Farm |
| 28:52 | Build | Outpost |
| 30:09 | Create | Villager (Male) |
| 30:09 | Create | Villager (Male) |
| 30:27 | Build | Lumber Camp |
| 30:44 | Create | Villager (Male) |
| 30:44 | Create | Villager (Male) |
| 30:45 | Create | Villager (Male) |
| 30:53 | Create | Villager (Male) |
| 31:21 | Create | Villager (Male) |
| 31:22 | Create | Villager (Male) |
| 31:29 | Build | Town Center |
| 31:32 | Create | Villager (Male) |
Build order — BalkanRedneck
First 150 of 622 actions detected
| 0:01 | Create | Villager (Male) |
| 0:01 | Create | Villager (Male) |
| 0:01 | Create | Villager (Male) |
| 0:02 | Build | House |
| 0:03 | Build | House |
| 0:25 | Create | Villager (Male) |
| 0:26 | Create | Villager (Male) |
| 1:26 | Create | Villager (Male) |
| 1:26 | Create | Villager (Male) |
| 1:46 | Build | Lumber Camp |
| 1:58 | Create | Villager (Male) |
| 2:24 | Create | Villager (Male) |
| 2:45 | Create | Villager (Male) |
| 3:11 | Create | Villager (Male) |
| 3:31 | Create | Villager (Male) |
| 3:43 | Build | House |
| 4:02 | Create | Villager (Male) |
| 4:03 | Create | Villager (Male) |
| 4:15 | Build | House |
| 4:26 | Create | Villager (Male) |
| 4:27 | Create | Villager (Male) |
| 4:56 | Create | Villager (Male) |
| 4:56 | Create | Villager (Male) |
| 5:19 | Create | Villager (Male) |
| 5:20 | Create | Villager (Male) |
| 5:30 | Build | Mill |
| 5:42 | Create | Villager (Male) |
| 5:42 | Create | Villager (Male) |
| 6:03 | Create | Villager (Male) |
| 6:03 | Create | Villager (Male) |
| 6:27 | Build | House |
| 6:56 | Create | Villager (Male) |
| 7:23 | Create | Villager (Male) |
| 7:37 | Create | Villager (Male) |
| 7:48 | Build | Farm |
| 7:55 | Build | Farm |
| 8:00 | Build | Farm |
| 8:05 | Build | Mining Camp |
| 8:08 | Create | Villager (Male) |
| 8:13 | Create | Villager (Male) |
| 8:57 | Build | Farm |
| 8:58 | Build | Farm |
| 9:05 | Research | Feudal Age |
| 9:06 | Research | Feudal Age |
| 9:33 | Build | House |
| 10:18 | Build | House |
| 10:37 | Build | Farm |
| 11:07 | Build | House |
| 11:21 | Age | Feudal Age |
| 11:23 | Create | Villager (Male) |
| 11:23 | Create | Villager (Male) |
| 11:41 | Build | Market |
| 11:42 | Build | Blacksmith |
| 12:07 | Research | Double-Bit Axe |
| 12:08 | Research | Double-Bit Axe |
| 12:34 | Research | Castle Age |
| 12:34 | Research | Castle Age |
| 14:17 | Build | Farm |
| 14:19 | Build | Farm |
| 14:21 | Build | Farm |
| 15:13 | Create | Villager (Male) |
| 15:14 | Create | Villager (Male) |
| 15:14 | Age | Castle Age |
| 15:17 | Build | Town Center |
| 15:26 | Build | Town Center |
| 15:36 | Research | Bow Saw |
| 15:37 | Research | Bow Saw |
| 16:19 | Create | Villager (Male) |
| 16:19 | Create | Villager (Male) |
| 16:37 | Build | Farm |
| 16:37 | Create | Villager (Male) |
| 16:37 | Create | Villager (Male) |
| 16:40 | Build | Farm |
| 16:41 | Build | Farm |
| 16:45 | Create | Villager (Male) |
| 16:48 | Build | Farm |
| 16:52 | Create | Villager (Male) |
| 16:53 | Create | Villager (Male) |
| 16:57 | Build | Farm |
| 17:03 | Create | Villager (Male) |
| 17:03 | Create | Villager (Male) |
| 17:03 | Create | Villager (Male) |
| 17:10 | Build | Farm |
| 17:20 | Build | Farm |
| 17:22 | Build | Farm |
| 17:24 | Create | Villager (Male) |
| 17:27 | Build | House |
| 17:28 | Build | House |
| 17:31 | Build | House |
| 17:33 | Create | Villager (Male) |
| 17:36 | Build | Farm |
| 17:44 | Build | Farm |
| 17:48 | Create | Villager (Male) |
| 17:50 | Create | Villager (Male) |
| 17:51 | Create | Villager (Male) |
| 17:51 | Create | Villager (Male) |
| 17:59 | Build | Farm |
| 18:00 | Build | Farm |
| 18:17 | Build | Farm |
| 18:18 | Build | Farm |
| 18:22 | Build | House |
| 18:23 | Create | Villager (Male) |
| 18:33 | Build | House |
| 18:34 | Build | House |
| 18:35 | Build | House |
| 18:36 | Create | Villager (Male) |
| 18:36 | Create | Villager (Male) |
| 18:37 | Create | Villager (Male) |
| 18:49 | Build | Farm |
| 18:56 | Build | Farm |
| 18:57 | Build | Farm |
| 19:01 | Create | Villager (Male) |
| 19:01 | Create | Villager (Male) |
| 19:03 | Build | Farm |
| 19:17 | Create | Villager (Male) |
| 19:27 | Create | Villager (Male) |
| 19:32 | Build | Farm |
| 19:33 | Build | Farm |
| 19:34 | Create | Villager (Male) |
| 19:42 | Research | Wheelbarrow |
| 19:42 | Research | Wheelbarrow |
| 19:42 | Research | Wheelbarrow |
| 19:42 | Create | Villager (Male) |
| 19:42 | Create | Villager (Male) |
| 19:53 | Build | Farm |
| 19:58 | Create | Villager (Male) |
| 20:00 | Research | Gold Mining |
| 20:00 | Research | Gold Mining |
| 20:01 | Research | Stone Mining |
| 20:01 | Research | Stone Mining |
| 20:01 | Research | Stone Mining |
| 20:04 | Research | Stone Mining |
| 20:04 | Research | Stone Mining |
| 20:05 | Create | Villager (Male) |
| 20:10 | Build | Farm |
| 20:21 | Build | Lumber Camp |
| 20:28 | Build | Farm |
| 20:29 | Create | Villager (Male) |
| 20:39 | Build | Farm |
| 20:42 | Create | Villager (Male) |
| 20:45 | Create | Villager (Male) |
| 21:02 | Create | Villager (Male) |
| 21:02 | Create | Villager (Male) |
| 21:07 | Build | Farm |
| 21:12 | Build | Farm |
| 21:23 | Build | House |
| 21:23 | Build | House |
| 21:23 | Build | House |
| 21:24 | Build | House |
| 21:24 | Build | House |
Build order — GoodMan
First 150 of 773 actions detected
| 0:01 | Create | Villager (Male) |
| 0:02 | Create | Villager (Male) |
| 0:02 | Create | Villager (Male) |
| 0:03 | Build | House |
| 0:04 | Build | House |
| 0:27 | Create | Villager (Male) |
| 0:27 | Create | Villager (Male) |
| 1:35 | Create | Villager (Male) |
| 1:59 | Create | Villager (Male) |
| 2:18 | Create | Villager (Male) |
| 2:18 | Create | Villager (Male) |
| 2:45 | Create | Villager (Male) |
| 2:45 | Create | Villager (Male) |
| 3:18 | Create | Villager (Male) |
| 3:34 | Build | Lumber Camp |
| 3:39 | Create | Villager (Male) |
| 3:39 | Create | Villager (Male) |
| 3:58 | Build | House |
| 4:05 | Create | Villager (Male) |
| 4:23 | Create | Villager (Male) |
| 4:24 | Create | Villager (Male) |
| 4:24 | Create | Villager (Male) |
| 5:07 | Build | Mill |
| 5:14 | Create | Villager (Male) |
| 5:28 | Build | House |
| 5:42 | Create | Villager (Male) |
| 5:42 | Create | Villager (Male) |
| 5:42 | Create | Villager (Male) |
| 5:42 | Create | Villager (Male) |
| 6:09 | Research | Loom |
| 6:35 | Create | Villager (Male) |
| 7:15 | Research | Feudal Age |
| 7:15 | Research | Feudal Age |
| 7:30 | Build | Barracks |
| 7:55 | Build | House |
| 8:30 | Create | Militia |
| 8:30 | Create | Militia |
| 8:31 | Create | Militia |
| 8:35 | Create | Militia |
| 8:35 | Create | Militia |
| 8:35 | Create | Militia |
| 8:48 | Build | Mining Camp |
| 9:25 | Age | Feudal Age |
| 9:28 | Build | Watch Tower |
| 9:29 | Create | Villager (Male) |
| 9:48 | Research | Man-at-Arms (upgrade) |
| 9:48 | Research | Man-at-Arms (upgrade) |
| 9:58 | Create | Villager (Male) |
| 10:27 | Create | Villager (Male) |
| 10:31 | Build | Blacksmith |
| 10:58 | Build | Watch Tower |
| 10:59 | Create | Villager (Male) |
| 11:20 | Create | Villager (Male) |
| 11:38 | Build | Stone Wall |
| 11:45 | Create | Villager (Male) |
| 12:08 | Create | Villager (Male) |
| 12:14 | Build | House |
| 12:25 | Create | Villager (Male) |
| 12:36 | Build | Stone Wall |
| 13:07 | Create | Villager (Male) |
| 13:14 | Research | Horse Collar |
| 13:29 | Create | Villager (Male) |
| 13:30 | Build | Farm |
| 13:31 | Build | Farm |
| 13:32 | Build | Farm |
| 13:33 | Build | House |
| 13:52 | Build | Farm |
| 13:53 | Create | Villager (Male) |
| 14:14 | Create | Villager (Male) |
| 14:17 | Build | Farm |
| 14:18 | Build | House |
| 14:45 | Create | Villager (Male) |
| 14:59 | Build | Mining Camp |
| 15:00 | Create | Villager (Male) |
| 15:06 | Build | Farm |
| 15:16 | Create | Villager (Male) |
| 15:35 | Create | Villager (Male) |
| 15:40 | Build | Farm |
| 16:04 | Create | Villager (Male) |
| 16:06 | Build | Farm |
| 16:07 | Build | Farm |
| 16:08 | Build | Farm |
| 16:19 | Create | Villager (Male) |
| 16:24 | Build | Farm |
| 16:52 | Build | House |
| 17:18 | Build | Stable |
| 17:21 | Create | Villager (Male) |
| 17:38 | Build | Farm |
| 17:43 | Create | Villager (Male) |
| 18:02 | Build | Lumber Camp |
| 18:11 | Create | Villager (Male) |
| 18:31 | Research | Double-Bit Axe |
| 18:32 | Research | Double-Bit Axe |
| 18:41 | Research | Castle Age |
| 18:41 | Research | Castle Age |
| 18:57 | Build | House |
| 18:58 | Build | House |
| 18:59 | Build | House |
| 19:00 | Build | House |
| 19:00 | Build | House |
| 19:01 | Build | House |
| 21:21 | Age | Castle Age |
| 21:23 | Build | Siege Workshop |
| 21:25 | Build | Siege Workshop |
| 21:26 | Create | Knight |
| 21:28 | Create | Villager (Male) |
| 21:30 | Build | Town Center |
| 21:33 | Build | Town Center |
| 21:36 | Research | Bow Saw |
| 21:36 | Research | Bow Saw |
| 21:42 | Create | Villager (Male) |
| 21:46 | Research | Heavy Plow |
| 21:53 | Create | Mangonel |
| 22:00 | Build | Mining Camp |
| 22:03 | Research | Gold Mining |
| 22:18 | Create | Villager (Male) |
| 22:27 | Create | Villager (Male) |
| 22:31 | Create | Villager (Male) |
| 22:44 | Create | Scorpion |
| 22:47 | Create | Villager (Male) |
| 22:47 | Create | Villager (Male) |
| 22:48 | Create | Villager (Male) |
| 22:53 | Build | House |
| 22:54 | Build | House |
| 22:55 | Build | House |
| 23:06 | Research | Town Watch |
| 23:06 | Research | Town Watch |
| 23:07 | Create | Villager (Male) |
| 23:08 | Create | Villager (Male) |
| 23:12 | Create | Scorpion |
| 23:14 | Create | Scorpion |
| 23:34 | Build | House |
| 23:44 | Build | University |
| 23:49 | Build | House |
| 23:51 | Build | House |
| 23:53 | Build | House |
| 23:54 | Create | Mangonel |
| 23:55 | Create | Scout Cavalry |
| 24:06 | Create | Scorpion |
| 24:11 | Create | Villager (Male) |
| 24:12 | Create | Villager (Male) |
| 24:12 | Create | Villager (Male) |
| 24:23 | Build | House |
| 24:28 | Build | House |
| 24:56 | Create | Scorpion |
| 24:57 | Create | Scorpion |
| 25:01 | Create | Villager (Male) |
| 25:01 | Create | Villager (Male) |
| 25:18 | Research | Ballistics |
| 25:19 | Research | Ballistics |
Build order — Ze_Legend
First 150 of 535 actions detected
| 0:01 | Create | Villager (Male) |
| 0:01 | Create | Villager (Male) |
| 0:03 | Build | House |
| 0:04 | Build | House |
| 0:07 | Create | Villager (Male) ×2 |
| 1:43 | Create | Villager (Male) |
| 1:43 | Create | Villager (Male) |
| 2:02 | Build | Lumber Camp |
| 2:04 | Create | Villager (Male) |
| 2:04 | Create | Villager (Male) |
| 2:21 | Create | Villager (Male) |
| 2:22 | Create | Villager (Male) |
| 2:50 | Create | Villager (Male) |
| 2:50 | Create | Villager (Male) |
| 3:15 | Create | Villager (Male) |
| 3:15 | Create | Villager (Male) |
| 3:17 | Build | House |
| 3:35 | Create | Villager (Male) |
| 3:35 | Create | Villager (Male) |
| 4:05 | Research | Loom |
| 4:35 | Create | Villager (Male) |
| 4:35 | Create | Villager (Male) |
| 4:55 | Create | Villager (Male) |
| 4:55 | Create | Villager (Male) |
| 5:12 | Create | Villager (Male) |
| 5:12 | Create | Villager (Male) |
| 5:39 | Create | Villager (Male) |
| 5:40 | Create | Villager (Male) |
| 5:40 | Create | Villager (Male) |
| 5:44 | Build | House |
| 6:11 | Create | Villager (Male) |
| 6:35 | Create | Villager (Male) |
| 6:35 | Create | Villager (Male) |
| 6:49 | Build | Mill |
| 7:11 | Create | Villager (Male) |
| 7:36 | Create | Villager (Male) |
| 8:07 | Create | Villager (Male) |
| 8:07 | Create | Villager (Male) |
| 8:11 | Build | House |
| 8:15 | Create | Villager (Male) |
| 8:56 | Build | Farm |
| 8:58 | Build | Farm |
| 9:00 | Build | Farm |
| 9:09 | Create | Villager (Male) |
| 9:37 | Research | Feudal Age |
| 9:53 | Build | Mining Camp |
| 10:13 | Create | Villager (Male) |
| 10:13 | Create | Villager (Male) |
| 12:13 | Age | Feudal Age |
| 12:18 | Build | Market |
| 12:20 | Build | Blacksmith |
| 12:43 | Research | Double-Bit Axe |
| 13:02 | Research | Castle Age |
| 13:02 | Research | Castle Age |
| 13:32 | Build | Farm |
| 13:40 | Build | Mining Camp |
| 13:58 | Research | Horse Collar |
| 14:05 | Build | Palisade Gate |
| 15:20 | Create | Villager (Male) |
| 15:29 | Build | Farm |
| 15:30 | Build | Farm |
| 15:31 | Build | Farm |
| 15:34 | Build | Farm |
| 15:37 | Build | Farm |
| 15:43 | Age | Castle Age |
| 15:54 | Create | Villager (Male) |
| 15:57 | Build | House |
| 16:34 | Build | Castle |
| 16:36 | Create | Villager (Male) |
| 16:37 | Create | Villager (Male) |
| 16:38 | Research | Bow Saw |
| 16:39 | Research | Bow Saw |
| 17:02 | Research | Gold Mining |
| 17:06 | Build | Monastery |
| 17:15 | Build | Mining Camp |
| 17:22 | Create | Villager (Male) |
| 17:23 | Create | Villager (Male) |
| 17:26 | Build | House |
| 17:29 | Build | House |
| 17:53 | Create | Missionary |
| 18:04 | Create | Villager (Male) |
| 18:05 | Create | Conquistador |
| 18:05 | Create | Conquistador |
| 18:19 | Create | Villager (Male) |
| 18:40 | Build | Town Center |
| 18:43 | Create | Villager (Male) |
| 18:49 | Create | Missionary |
| 19:04 | Create | Conquistador |
| 19:05 | Create | Conquistador |
| 19:23 | Create | Villager (Male) |
| 19:24 | Create | Villager (Male) |
| 19:28 | Build | Farm |
| 19:30 | Build | Farm |
| 19:47 | Create | Villager (Male) |
| 19:47 | Create | Villager (Male) |
| 19:55 | Create | Conquistador |
| 19:55 | Create | Conquistador |
| 20:20 | Create | Conquistador |
| 20:20 | Create | Conquistador |
| 20:25 | Build | Farm |
| 20:26 | Build | Farm |
| 20:26 | Build | Farm |
| 20:29 | Build | Farm |
| 20:29 | Build | Farm |
| 20:32 | Build | Farm |
| 20:32 | Build | Farm |
| 20:36 | Create | Villager (Male) |
| 20:36 | Create | Villager (Male) |
| 20:47 | Build | Farm |
| 20:49 | Create | Villager (Male) |
| 20:55 | Create | Villager (Male) |
| 20:57 | Create | Conquistador |
| 20:57 | Create | Conquistador |
| 21:10 | Create | Villager (Male) |
| 21:10 | Create | Villager (Male) |
| 21:29 | Create | Villager (Male) |
| 21:29 | Create | Villager (Male) |
| 21:36 | Create | Conquistador |
| 21:38 | Create | Villager (Male) |
| 21:50 | Build | Mill |
| 21:51 | Build | Farm |
| 21:51 | Build | Farm |
| 21:51 | Build | Farm |
| 21:52 | Build | Farm |
| 21:52 | Build | Farm |
| 21:52 | Build | Farm |
| 21:52 | Build | Farm |
| 22:02 | Create | Villager (Male) |
| 22:02 | Create | Villager (Male) |
| 22:08 | Create | Conquistador |
| 22:08 | Create | Conquistador |
| 22:19 | Create | Conquistador |
| 22:24 | Build | Stone Wall |
| 22:32 | Create | Conquistador |
| 22:45 | Create | Villager (Male) |
| 22:47 | Research | Padded Archer Armor |
| 22:48 | Research | Padded Archer Armor |
| 22:58 | Create | Conquistador |
| 23:26 | Create | Conquistador |
| 23:26 | Create | Conquistador |
| 23:30 | Create | Villager (Male) |
| 23:30 | Create | Villager (Male) |
| 23:30 | Create | Villager (Male) |
| 23:34 | Build | Farm |
| 23:34 | Build | Farm |
| 23:35 | Build | Farm |
| 23:35 | Build | Farm |
| 23:35 | Build | Farm |
| 23:35 | Build | Farm |
| 23:35 | Build | Farm |
Build order — privalovivan99
First 150 of 285 actions detected
| 0:03 | Research | Loom |
| 0:03 | Create | Villager (Male) |
| 0:07 | Build | House |
| 0:39 | Build | Palisade Wall |
| 0:48 | Create | Villager (Male) ×3 |
| 0:49 | Create | Villager (Male) ×3 |
| 1:37 | Build | Palisade Wall |
| 2:26 | Create | Villager (Male) |
| 2:26 | Create | Villager (Male) |
| 2:27 | Create | Villager (Male) |
| 2:33 | Build | House |
| 2:41 | Build | Lumber Camp |
| 3:02 | Build | House |
| 3:12 | Create | Villager (Male) |
| 3:12 | Create | Villager (Male) |
| 3:39 | Build | Palisade Wall |
| 3:50 | Create | Villager (Male) |
| 3:51 | Create | Villager (Male) |
| 3:51 | Create | Villager (Male) |
| 4:09 | Create | Villager (Male) |
| 4:09 | Create | Villager (Male) |
| 5:22 | Create | Villager (Male) |
| 5:22 | Create | Villager (Male) |
| 5:29 | Build | Palisade Gate |
| 5:34 | Build | Palisade Wall |
| 6:08 | Build | Palisade Wall |
| 6:23 | Create | Villager (Male) |
| 6:23 | Create | Villager (Male) |
| 7:18 | Create | Villager (Male) |
| 7:19 | Create | Villager (Male) |
| 7:53 | Build | House |
| 8:14 | Build | Mill |
| 8:22 | Create | Villager (Male) |
| 8:22 | Create | Villager (Male) |
| 8:59 | Create | Villager (Male) |
| 9:12 | Build | House |
| 9:28 | Create | Villager (Male) |
| 9:42 | Create | Villager (Male) |
| 9:42 | Create | Villager (Male) |
| 10:16 | Create | Villager (Male) |
| 11:04 | Build | Mining Camp |
| 11:11 | Build | House |
| 11:18 | Create | Villager (Male) |
| 11:44 | Build | Palisade Wall |
| 11:48 | Create | Villager (Male) |
| 12:19 | Research | Feudal Age |
| 12:53 | Build | Palisade Wall |
| 14:14 | Create | Villager (Male) |
| 14:25 | Create | Villager (Male) |
| 14:29 | Age | Feudal Age |
| 14:35 | Build | Stone Wall |
| 14:41 | Build | Market |
| 14:49 | Build | Blacksmith |
| 15:00 | Create | Villager (Male) |
| 15:17 | Build | Stone Wall |
| 15:48 | Build | House |
| 15:53 | Research | Castle Age |
| 16:28 | Build | House |
| 16:31 | Research | Double-Bit Axe |
| 16:43 | Build | House |
| 17:24 | Build | Stone Wall |
| 17:26 | Build | Stone Wall |
| 18:33 | Age | Castle Age |
| 18:36 | Build | Town Center |
| 18:41 | Create | Villager (Male) |
| 18:41 | Create | Villager (Male) |
| 18:47 | Build | Monastery |
| 18:51 | Research | Horse Collar |
| 19:04 | Build | Outpost |
| 19:45 | Build | Siege Workshop |
| 20:05 | Build | Stone Wall |
| 20:15 | Create | Mangonel |
| 20:45 | Create | Villager (Male) |
| 20:45 | Create | Villager (Male) |
| 21:07 | Create | Mangonel |
| 21:13 | Create | Monk |
| 21:41 | Create | Mangonel |
| 22:00 | Build | House |
| 22:20 | Build | House |
| 22:22 | Create | Villager (Male) |
| 22:22 | Create | Villager (Male) |
| 22:59 | Build | Stone Wall |
| 23:12 | Build | House |
| 23:51 | Create | Mangonel |
| 24:06 | Build | Stone Wall |
| 24:15 | Build | Farm |
| 24:16 | Build | Farm |
| 24:38 | Create | Villager (Male) ×4 |
| 24:50 | Build | House |
| 24:51 | Build | House |
| 25:24 | Build | House |
| 25:24 | Build | House |
| 25:31 | Build | Farm |
| 25:32 | Build | Farm |
| 25:33 | Build | Farm |
| 25:34 | Build | Farm |
| 25:35 | Build | Farm |
| 25:36 | Build | Farm |
| 25:51 | Create | Mangonel |
| 25:54 | Create | Villager (Male) |
| 26:45 | Create | Mangonel |
| 27:00 | Create | Villager (Male) ×2 |
| 27:21 | Build | House |
| 27:22 | Build | House |
| 27:23 | Build | House |
| 27:37 | Create | Villager (Male) ×2 |
| 27:38 | Create | Villager (Male) ×2 |
| 27:41 | Build | Farm |
| 27:42 | Build | Farm |
| 27:47 | Build | House |
| 27:47 | Build | House |
| 28:27 | Create | Mangonel |
| 28:30 | Create | Villager (Male) ×3 |
| 28:30 | Create | Villager (Male) ×3 |
| 28:38 | Build | Farm |
| 28:39 | Build | Farm |
| 28:46 | Build | House |
| 29:30 | Create | Mangonel |
| 29:55 | Create | Villager (Male) |
| 29:55 | Create | Villager (Male) |
| 29:57 | Create | Villager (Male) |
| 29:57 | Create | Villager (Male) |
| 29:58 | Create | Villager (Male) |
| 30:17 | Build | Farm |
| 30:23 | Build | Mining Camp |
| 30:27 | Create | Villager (Male) |
| 30:33 | Build | House |
| 30:33 | Build | House |
| 30:34 | Build | House |
| 30:57 | Build | Mining Camp |
| 30:59 | Create | Villager (Male) ×5 |
| 31:24 | Build | House |
| 31:25 | Build | House |
| 31:26 | Build | House |
| 31:32 | Build | Farm |
| 31:33 | Build | Farm |
| 31:42 | Build | Lumber Camp |
| 31:48 | Create | Villager (Male) ×4 |
| 32:03 | Build | Farm |
| 32:11 | Build | Farm |
| 32:48 | Create | Villager (Male) |
| 32:49 | Create | Villager (Male) |
| 32:57 | Build | Town Center |
| 33:02 | Create | Villager (Male) |
| 33:28 | Create | Villager (Male) ×5 |
| 33:37 | Build | House |
| 33:53 | Build | House |
| 33:55 | Build | House |
| 33:55 | Build | House |
| 33:59 | Research | Fervor |
Build order — 105er.G0ldenFir3
First 150 of 713 actions detected
| 0:00 | Create | Villager (Male) |
| 0:01 | Create | Villager (Male) |
| 0:02 | Build | House |
| 0:02 | Build | House |
| 0:04 | Create | Villager (Male) |
| 0:04 | Create | Villager (Male) |
| 0:05 | Create | Villager (Male) |
| 0:19 | Research | Loom |
| 0:19 | Create | Villager (Male) |
| 0:20 | Create | Villager (Male) |
| 0:20 | Create | Villager (Male) |
| 0:20 | Create | Villager (Male) |
| 1:53 | Build | Palisade Wall |
| 2:07 | Create | Villager (Male) |
| 2:29 | Build | Palisade Wall |
| 2:33 | Create | Villager (Male) |
| 2:56 | Create | Villager (Male) |
| 3:28 | Create | Villager (Male) |
| 3:28 | Create | Villager (Male) |
| 3:53 | Create | Villager (Male) |
| 3:54 | Create | Villager (Male) |
| 4:08 | Build | Lumber Camp |
| 4:17 | Build | Palisade Wall |
| 4:18 | Create | Villager (Male) |
| 4:42 | Create | Villager (Male) |
| 5:02 | Create | Villager (Male) |
| 5:19 | Build | House |
| 5:56 | Create | Villager (Male) |
| 6:19 | Create | Villager (Male) |
| 6:31 | Build | House |
| 6:38 | Build | House |
| 6:44 | Create | Villager (Male) |
| 7:10 | Create | Villager (Male) |
| 7:38 | Create | Villager (Male) |
| 8:07 | Create | Villager (Male) |
| 8:35 | Create | Villager (Male) |
| 8:50 | Build | Mill |
| 8:55 | Create | Villager (Male) |
| 9:22 | Research | Feudal Age |
| 9:22 | Research | Feudal Age |
| 9:37 | Build | Palisade Wall |
| 9:42 | Build | Palisade Wall |
| 9:42 | Build | Palisade Wall |
| 9:49 | Build | Palisade Wall |
| 9:49 | Build | Palisade Wall |
| 10:02 | Build | Mining Camp |
| 10:07 | Build | Lumber Camp |
| 10:17 | Build | Palisade Wall |
| 10:49 | Build | Palisade Wall |
| 11:18 | Create | Villager (Male) |
| 11:35 | Age | Feudal Age |
| 11:54 | Build | Palisade Wall |
| 12:08 | Build | Palisade Wall |
| 12:09 | Build | Palisade Wall |
| 12:11 | Build | Palisade Wall |
| 12:12 | Build | Palisade Wall |
| 12:12 | Create | Villager (Male) |
| 12:33 | Create | Villager (Male) |
| 12:42 | Build | Market |
| 12:45 | Build | Palisade Wall |
| 12:54 | Build | House |
| 13:02 | Build | Market |
| 13:12 | Build | Palisade Wall |
| 13:20 | Create | Villager (Male) |
| 13:20 | Create | Villager (Male) |
| 13:29 | Build | Market |
| 13:43 | Create | Villager (Male) |
| 14:07 | Build | Blacksmith |
| 14:38 | Create | Villager (Male) |
| 15:17 | Research | Castle Age |
| 15:18 | Research | Castle Age |
| 16:39 | Research | Double-Bit Axe |
| 17:22 | Research | Horse Collar |
| 17:28 | Create | Villager (Male) |
| 17:57 | Age | Castle Age |
| 17:58 | Research | Bow Saw |
| 17:58 | Research | Bow Saw |
| 18:02 | Build | Siege Workshop |
| 18:08 | Build | Town Center |
| 18:21 | Build | Town Center |
| 18:25 | Create | Villager (Male) |
| 18:51 | Create | Villager (Male) |
| 19:10 | Build | House |
| 19:18 | Create | Villager (Male) |
| 19:33 | Create | Villager (Male) |
| 19:34 | Create | Villager (Male) |
| 19:45 | Create | Villager (Male) |
| 19:45 | Create | Villager (Male) |
| 19:45 | Create | Villager (Male) |
| 19:45 | Create | Villager (Male) |
| 19:46 | Create | Villager (Male) |
| 20:01 | Create | Villager (Male) ×5 |
| 20:18 | Create | Battering Ram |
| 20:45 | Build | Farm |
| 20:47 | Build | Farm |
| 20:48 | Build | Farm |
| 20:49 | Build | Farm |
| 20:50 | Build | Farm |
| 20:53 | Build | Farm |
| 20:55 | Create | Villager (Male) |
| 21:00 | Build | Farm |
| 21:02 | Build | Farm |
| 21:02 | Build | Farm |
| 21:03 | Build | Farm |
| 21:03 | Build | Farm |
| 21:03 | Build | Farm |
| 21:03 | Build | Farm |
| 21:24 | Build | Farm |
| 21:27 | Build | Farm |
| 21:29 | Build | Farm |
| 21:29 | Build | Farm |
| 21:30 | Build | Farm |
| 21:30 | Build | Farm |
| 21:30 | Build | Farm |
| 21:30 | Build | Farm |
| 21:31 | Build | Farm |
| 21:31 | Build | Farm |
| 21:32 | Build | Farm |
| 21:37 | Create | Villager (Male) ×2 |
| 21:41 | Create | Villager (Male) |
| 21:41 | Create | Villager (Male) |
| 21:46 | Build | Farm |
| 21:48 | Build | Farm |
| 21:53 | Build | Farm |
| 21:54 | Build | Farm |
| 21:55 | Create | Villager (Male) |
| 21:55 | Create | Villager (Male) |
| 21:58 | Build | Farm |
| 22:03 | Create | Villager (Male) |
| 22:03 | Create | Villager (Male) |
| 22:03 | Create | Villager (Male) |
| 22:06 | Build | House |
| 22:07 | Build | House |
| 22:07 | Build | House |
| 22:16 | Build | Farm |
| 22:28 | Create | Villager (Male) |
| 22:28 | Create | Villager (Male) |
| 22:28 | Create | Villager (Male) |
| 22:30 | Create | Battering Ram |
| 22:38 | Build | Farm |
| 22:39 | Build | Farm |
| 22:47 | Create | Villager (Male) |
| 23:04 | Create | Villager (Male) |
| 23:04 | Create | Villager (Male) |
| 23:04 | Create | Villager (Male) |
| 23:13 | Create | Villager (Male) |
| 23:14 | Create | Villager (Male) |
| 23:39 | Create | Villager (Male) |
| 23:40 | Create | Villager (Male) |
| 23:50 | Build | Town Center |
Build order — 家豪豪
First 150 of 455 actions detected
| 0:05 | Create | Villager (Male) ×4 |
| 0:05 | Create | Villager (Male) ×4 |
| 0:06 | Build | House |
| 0:08 | Build | House |
| 1:50 | Create | Villager (Male) |
| 2:22 | Create | Villager (Male) |
| 2:22 | Create | Villager (Male) |
| 2:28 | Build | House |
| 2:36 | Create | Villager (Male) |
| 2:36 | Create | Villager (Male) |
| 3:13 | Create | Villager (Male) |
| 3:14 | Create | Villager (Male) |
| 3:45 | Research | Loom |
| 3:46 | Create | Villager (Male) |
| 3:55 | Build | Lumber Camp |
| 3:57 | Create | Villager (Male) |
| 4:13 | Create | Villager (Male) |
| 5:27 | Create | Villager (Male) |
| 5:33 | Build | House |
| 5:47 | Create | Villager (Male) |
| 5:47 | Create | Villager (Male) |
| 5:51 | Create | Villager (Male) |
| 6:07 | Build | Palisade Wall |
| 6:15 | Build | Palisade Wall |
| 6:21 | Build | Palisade Wall |
| 6:27 | Build | Palisade Wall |
| 6:35 | Create | Villager (Male) |
| 6:38 | Build | Palisade Wall |
| 7:10 | Create | Villager (Male) |
| 7:12 | Create | Villager (Male) |
| 7:12 | Create | Villager (Male) |
| 7:16 | Create | Villager (Male) |
| 7:22 | Create | Villager (Male) |
| 8:27 | Build | Mill |
| 8:54 | Build | House |
| 8:58 | Build | Mining Camp |
| 9:18 | Create | Villager (Male) |
| 9:31 | Create | Villager (Male) |
| 9:58 | Build | Mill |
| 10:17 | Create | Villager (Male) |
| 10:17 | Research | Feudal Age |
| 11:35 | Create | Villager (Male) |
| 11:35 | Create | Villager (Male) |
| 12:00 | Build | Farm |
| 12:01 | Build | Farm |
| 12:03 | Build | Farm |
| 12:05 | Build | Farm |
| 13:18 | Age | Feudal Age |
| 13:20 | Build | Market |
| 13:23 | Build | Blacksmith |
| 14:02 | Research | Double-Bit Axe |
| 14:03 | Research | Horse Collar |
| 14:23 | Research | Castle Age |
| 15:53 | Create | Villager (Male) |
| 15:53 | Create | Villager (Male) |
| 15:59 | Create | Villager (Male) |
| 16:02 | Build | House |
| 16:02 | Build | House |
| 17:03 | Age | Castle Age |
| 17:05 | Build | Town Center |
| 17:08 | Build | Town Center |
| 17:13 | Research | Bow Saw |
| 17:14 | Research | Heavy Plow |
| 17:15 | Create | Villager (Male) |
| 17:22 | Create | Villager (Male) |
| 17:31 | Create | Villager (Male) |
| 17:52 | Build | House |
| 17:53 | Build | House |
| 17:53 | Build | House |
| 17:55 | Create | Villager (Male) |
| 17:58 | Build | Monastery |
| 18:05 | Create | Villager (Male) |
| 18:20 | Research | Wheelbarrow |
| 18:25 | Build | Farm |
| 18:28 | Create | Villager (Male) |
| 18:34 | Build | Farm |
| 18:34 | Build | Farm |
| 18:34 | Build | Farm |
| 18:35 | Build | Farm |
| 18:39 | Create | Villager (Male) ×5 |
| 18:42 | Create | Monk |
| 18:51 | Create | Villager (Male) |
| 19:21 | Create | Villager (Male) |
| 19:32 | Create | Villager (Male) |
| 19:35 | Build | Town Center |
| 19:43 | Create | Villager (Male) |
| 19:45 | Create | Villager (Male) |
| 19:47 | Create | Villager (Male) |
| 19:53 | Build | Farm |
| 19:53 | Build | Farm |
| 19:54 | Build | Farm |
| 19:57 | Build | Farm |
| 20:13 | Create | Monk |
| 20:15 | Build | House |
| 20:16 | Build | House |
| 20:17 | Build | House |
| 20:27 | Create | Villager (Male) ×3 |
| 20:35 | Build | Farm |
| 20:35 | Build | Farm |
| 20:35 | Build | Farm |
| 20:36 | Build | Farm |
| 20:36 | Build | Farm |
| 20:40 | Build | Farm |
| 20:45 | Create | Villager (Male) |
| 20:45 | Create | Villager (Male) |
| 20:48 | Build | Farm |
| 20:49 | Build | Farm |
| 20:49 | Build | Farm |
| 20:55 | Create | Monk |
| 20:59 | Create | Villager (Male) |
| 21:00 | Create | Villager (Male) |
| 21:04 | Build | Farm |
| 21:05 | Build | Farm |
| 21:06 | Build | Farm |
| 21:07 | Build | Farm |
| 21:17 | Create | Villager (Male) |
| 21:23 | Create | Villager (Male) |
| 21:27 | Build | Farm |
| 21:39 | Build | Stone Wall |
| 21:40 | Build | Gate |
| 21:41 | Create | Villager (Male) |
| 21:44 | Create | Villager (Male) ×2 |
| 21:48 | Build | Farm |
| 21:49 | Build | Farm |
| 21:50 | Build | Farm |
| 21:52 | Create | Villager (Male) |
| 21:53 | Create | Villager (Male) |
| 22:02 | Build | Farm |
| 22:04 | Build | Farm |
| 22:05 | Build | Farm |
| 22:06 | Build | Farm |
| 22:07 | Create | Villager (Male) |
| 22:09 | Create | Villager (Male) ×2 |
| 22:12 | Build | House |
| 22:13 | Build | House |
| 22:14 | Build | House |
| 22:16 | Build | House |
| 22:36 | Create | Villager (Male) |
| 22:47 | Create | Villager (Male) |
| 22:50 | Create | Villager (Male) ×5 |
| 22:52 | Research | Fletching |
| 22:57 | Create | Villager (Male) |
| 23:05 | Build | Barracks |
| 23:07 | Create | Villager (Male) |
| 23:13 | Build | Farm |
| 23:16 | Build | Farm |
| 23:17 | Build | Farm |
| 23:18 | Build | Farm |
| 23:20 | Build | Farm |
| 23:22 | Build | Farm |
Match timeline
| 0:39 | privalovivan99 · wall_segment Palisade Wall x7 |
| 1:05 | Der ölende Fisch · wall_segment Palisade Wall x8 |
| 1:07 | Der ölende Fisch · wall_segment Palisade Wall x2 |
| 1:34 | Der ölende Fisch · wall_segment Palisade Wall x13 |
| 1:37 | privalovivan99 · wall_segment Palisade Wall x6 |
| 1:53 | 105er.G0ldenFir3 · wall_segment Palisade Wall x10 |
| 2:29 | 105er.G0ldenFir3 · wall_segment Palisade Wall x7 |
| 2:31 | Der ölende Fisch · wall_segment Palisade Wall x7 |
| 3:39 | privalovivan99 · wall_segment Palisade Wall x10 |
| 4:17 | 105er.G0ldenFir3 · wall_segment Palisade Wall x1 |
| 5:34 | privalovivan99 · wall_segment Palisade Wall x1 |
| 6:07 | 家豪豪 · wall_segment Palisade Wall x1 |
| 6:08 | privalovivan99 · wall_segment Palisade Wall x5 |
| 6:10 | Der ölende Fisch · wall_segment Palisade Wall x5 |
| 6:15 | 家豪豪 · wall_segment Palisade Wall x1 |
| 6:21 | 家豪豪 · wall_segment Palisade Wall x1 |
| 6:27 | 家豪豪 · wall_segment Palisade Wall x1 |
| 6:38 | 家豪豪 · wall_segment Palisade Wall x1 |
| 7:30 | GoodMan · first_building Barracks |
| 9:25 | GoodMan · age_up feudal |
| 9:37 | 105er.G0ldenFir3 · wall_segment Palisade Wall x1 |
| 9:42 | 105er.G0ldenFir3 · wall_segment Palisade Wall x1 |
| 9:42 | 105er.G0ldenFir3 · wall_segment Palisade Wall x1 |
| 9:49 | 105er.G0ldenFir3 · wall_segment Palisade Wall x1 |
| 9:49 | 105er.G0ldenFir3 · wall_segment Palisade Wall x1 |
| 10:17 | 105er.G0ldenFir3 · wall_segment Palisade Wall x9 |
| 10:49 | 105er.G0ldenFir3 · wall_segment Palisade Wall x11 |
| 11:21 | BalkanRedneck · age_up feudal |
| 11:35 | 105er.G0ldenFir3 · age_up feudal |
| 11:37 | SvenVonE ツ · age_up feudal |
| 11:38 | GoodMan · wall_segment Stone Wall x11 |
| 11:44 | privalovivan99 · wall_segment Palisade Wall x1 |
| 11:54 | 105er.G0ldenFir3 · wall_segment Palisade Wall x1 |
| 12:08 | 105er.G0ldenFir3 · wall_segment Palisade Wall x1 |
| 12:09 | 105er.G0ldenFir3 · wall_segment Palisade Wall x1 |
| 12:11 | 105er.G0ldenFir3 · wall_segment Palisade Wall x1 |
| 12:12 | 105er.G0ldenFir3 · wall_segment Palisade Wall x1 |
| 12:13 | Ze_Legend · age_up feudal |
| 12:36 | GoodMan · wall_segment Stone Wall x8 |
| 12:45 | 105er.G0ldenFir3 · wall_segment Palisade Wall x1 |
| 12:53 | privalovivan99 · wall_segment Palisade Wall x6 |
| 12:59 | Ze_Legend · first_market_sell 100 stone |
| 13:00 | Der ölende Fisch · first_building Barracks |
| 13:12 | 105er.G0ldenFir3 · wall_segment Palisade Wall x1 |
| 13:13 | Der ölende Fisch · age_up feudal |
| 13:18 | 家豪豪 · age_up feudal |
| 13:32 | Der ölende Fisch · first_building Stable |
| 14:29 | privalovivan99 · age_up feudal |
| 14:35 | privalovivan99 · wall_segment Stone Wall x6 |
| 14:41 | 105er.G0ldenFir3 · first_market_buy 100 food |
| 14:42 | 105er.G0ldenFir3 · first_market_sell 100 stone |
| 15:14 | BalkanRedneck · age_up castle |
| 15:17 | privalovivan99 · wall_segment Stone Wall x10 |
| 15:22 | SvenVonE ツ · age_up castle |
| 15:32 | SvenVonE ツ · first_building Monastery |
| 15:43 | Ze_Legend · age_up castle |
| 15:44 | SvenVonE ツ · wall_segment Palisade Wall x1 |
| 15:46 | SvenVonE ツ · wall_segment Palisade Wall x1 |
| 16:34 | Ze_Legend · first_building Castle |
| 16:58 | Der ölende Fisch · age_up castle |
| 17:03 | 家豪豪 · age_up castle |
| 17:06 | Ze_Legend · first_building Monastery |
| 17:09 | Der ölende Fisch · first_building Siege Workshop |
| 17:10 | Ze_Legend · first_market_buy 100 wood |
| 17:18 | GoodMan · first_building Stable |
| 17:24 | privalovivan99 · wall_segment Stone Wall x1 |
| 17:26 | privalovivan99 · wall_segment Stone Wall x1 |
| 17:57 | 105er.G0ldenFir3 · age_up castle |
| 17:58 | 家豪豪 · first_building Monastery |
| 18:02 | 105er.G0ldenFir3 · first_building Siege Workshop |
| 18:33 | privalovivan99 · age_up castle |
| 18:47 | privalovivan99 · first_building Monastery |
| 19:38 | privalovivan99 · first_market_buy 100 wood |
| 19:45 | privalovivan99 · first_building Siege Workshop |
| 20:05 | privalovivan99 · wall_segment Stone Wall x7 |
| 20:11 | privalovivan99 · first_market_sell 100 food |
| 21:21 | GoodMan · age_up castle |
| 21:23 | GoodMan · first_building Siege Workshop |
| 21:31 | BalkanRedneck · first_market_buy 100 stone |
| 21:39 | 家豪豪 · wall_segment Stone Wall x7 |
| 22:24 | Ze_Legend · wall_segment Stone Wall x8 |
| 22:59 | privalovivan99 · wall_segment Stone Wall x10 |
| 23:05 | 家豪豪 · first_building Barracks |
| 23:07 | BalkanRedneck · first_building Monastery |
| 23:53 | SvenVonE ツ · first_building Barracks |
| 24:06 | privalovivan99 · wall_segment Stone Wall x6 |
| 24:18 | 家豪豪 · first_building Castle |
| 24:31 | BalkanRedneck · first_building Barracks |
| 24:43 | SvenVonE ツ · first_market_buy 100 food |
| 25:18 | 家豪豪 · first_building Archery Range |
| 25:27 | 家豪豪 · wall_segment Stone Wall x6 |
| 25:28 | BalkanRedneck · first_building Stable |
| 25:51 | 家豪豪 · wall_segment Stone Wall x1 |
| 25:56 | 家豪豪 · first_market_sell 100 food |
| 26:03 | Der ölende Fisch · first_building Monastery |
| 26:16 | SvenVonE ツ · first_building Archery Range |
| 27:00 | SvenVonE ツ · first_building Castle |
| 27:17 | 105er.G0ldenFir3 · wall_segment Stone Wall x8 |
| 27:40 | BalkanRedneck · first_building Castle |
| 28:04 | Der ölende Fisch · first_market_buy 100 wood |
| 28:07 | 105er.G0ldenFir3 · wall_segment Stone Wall x10 |
| 28:16 | BalkanRedneck · age_up imperial |
| 28:33 | SvenVonE ツ · age_up imperial |
| 28:47 | 105er.G0ldenFir3 · wall_segment Stone Wall x6 |
| 29:28 | 105er.G0ldenFir3 · wall_segment Stone Wall x13 |
| 29:48 | 家豪豪 · age_up imperial |
| 30:14 | SvenVonE ツ · first_market_sell 100 food |
| 30:24 | 家豪豪 · first_building Siege Workshop |
| 30:48 | BalkanRedneck · first_market_sell 100 food |
| 30:58 | Ze_Legend · age_up imperial |
| 31:12 | Ze_Legend · first_building Barracks |
| 31:18 | 105er.G0ldenFir3 · wall_segment Stone Wall x15 |
| 32:06 | 105er.G0ldenFir3 · wall_segment Stone Wall x1 |
| 32:08 | GoodMan · first_building Castle |
| 32:53 | SvenVonE ツ · wall_segment Stone Wall x10 |
| 33:30 | Der ölende Fisch · first_market_sell 100 wood |
| 33:32 | 105er.G0ldenFir3 · first_building Castle |
| 33:42 | Ze_Legend · first_building Stable |
| 33:52 | SvenVonE ツ · wall_segment Stone Wall x10 |
| 34:39 | SvenVonE ツ · wall_segment Stone Wall x10 |
| 34:46 | 105er.G0ldenFir3 · first_building Monastery |
| 34:54 | 105er.G0ldenFir3 · first_building Barracks |
| 35:27 | Der ölende Fisch · wall_segment Stone Wall x17 |
| 35:30 | BalkanRedneck · tribute_sent a jugador 1 |
| 35:30 | BalkanRedneck · tribute_sent a jugador 3 |
| 35:30 | BalkanRedneck · tribute_sent a jugador 4 |
| 35:30 | BalkanRedneck · tribute_sent a jugador 5 |
| 35:30 | BalkanRedneck · tribute_sent a jugador 6 |
| 35:30 | BalkanRedneck · tribute_sent a jugador 7 |
| 35:30 | BalkanRedneck · tribute_sent a jugador 8 |
| 35:41 | SvenVonE ツ · wall_segment Stone Wall x11 |
| 36:04 | BalkanRedneck · first_building Siege Workshop |
| 36:09 | 105er.G0ldenFir3 · age_up imperial |
| 36:13 | 105er.G0ldenFir3 · first_building Stable |
| 36:14 | 105er.G0ldenFir3 · first_building Archery Range |
| 36:23 | privalovivan99 · first_building Castle |
| 36:33 | SvenVonE ツ · wall_segment Stone Wall x11 |
| 36:39 | Ze_Legend · first_building Archery Range |
| 37:28 | SvenVonE ツ · wall_segment Stone Wall x11 |
| 38:04 | GoodMan · first_market_buy 100 wood |
| 39:30 | SvenVonE ツ · first_building Siege Workshop |
| 40:46 | 家豪豪 · tribute_sent a jugador 1 |
| 40:46 | 家豪豪 · tribute_sent a jugador 2 |
| 40:46 | 家豪豪 · tribute_sent a jugador 3 |
| 40:46 | 家豪豪 · tribute_sent a jugador 4 |
| 40:46 | 家豪豪 · tribute_sent a jugador 5 |
| 40:46 | 家豪豪 · tribute_sent a jugador 6 |
| 40:46 | 家豪豪 · tribute_sent a jugador 7 |
| 40:47 | SvenVonE ツ · tribute_sent a jugador 1 |
| 40:47 | SvenVonE ツ · tribute_sent a jugador 2 |
| 40:47 | SvenVonE ツ · tribute_sent a jugador 4 |
| 40:47 | SvenVonE ツ · tribute_sent a jugador 5 |
| 40:47 | SvenVonE ツ · tribute_sent a jugador 6 |
| 40:47 | SvenVonE ツ · tribute_sent a jugador 7 |
| 40:47 | SvenVonE ツ · tribute_sent a jugador 8 |
| 40:48 | privalovivan99 · age_up imperial |
| 41:50 | Der ölende Fisch · first_building Castle |
| 42:51 | Ze_Legend · tribute_sent a jugador 1 |
| 42:51 | Ze_Legend · tribute_sent a jugador 2 |
| 42:51 | Ze_Legend · tribute_sent a jugador 3 |
| 42:51 | Ze_Legend · tribute_sent a jugador 4 |
| 42:51 | Ze_Legend · tribute_sent a jugador 6 |
| 42:51 | Ze_Legend · tribute_sent a jugador 7 |
| 42:51 | Ze_Legend · tribute_sent a jugador 8 |
| 42:53 | SvenVonE ツ · tribute_sent a jugador 1 |
| 42:53 | SvenVonE ツ · tribute_sent a jugador 2 |
| 42:53 | SvenVonE ツ · tribute_sent a jugador 4 |
| 42:53 | SvenVonE ツ · tribute_sent a jugador 5 |
| 42:53 | SvenVonE ツ · tribute_sent a jugador 6 |
| 42:53 | SvenVonE ツ · tribute_sent a jugador 7 |
| 42:53 | SvenVonE ツ · tribute_sent a jugador 8 |
| 43:34 | 家豪豪 · tribute_sent a jugador 1 |
| 43:34 | 家豪豪 · tribute_sent a jugador 2 |
| 43:34 | 家豪豪 · tribute_sent a jugador 3 |
| 43:34 | 家豪豪 · tribute_sent a jugador 4 |
| 43:34 | 家豪豪 · tribute_sent a jugador 5 |
| 43:34 | 家豪豪 · tribute_sent a jugador 6 |
| 43:34 | 家豪豪 · tribute_sent a jugador 7 |
| 43:47 | GoodMan · age_up imperial |
| 44:57 | 家豪豪 · tribute_sent a jugador 1 |
| 44:57 | 家豪豪 · tribute_sent a jugador 2 |
| 44:57 | 家豪豪 · tribute_sent a jugador 3 |
| 44:57 | 家豪豪 · tribute_sent a jugador 4 |
| 44:57 | 家豪豪 · tribute_sent a jugador 5 |
| 44:57 | 家豪豪 · tribute_sent a jugador 6 |
| 44:57 | 家豪豪 · tribute_sent a jugador 7 |
| 45:15 | Ze_Legend · tribute_sent a jugador 1 |
| 45:15 | Ze_Legend · tribute_sent a jugador 2 |
| 45:15 | Ze_Legend · tribute_sent a jugador 3 |
| 45:15 | Ze_Legend · tribute_sent a jugador 4 |
| 45:15 | Ze_Legend · tribute_sent a jugador 6 |
| 45:15 | Ze_Legend · tribute_sent a jugador 7 |
| 45:15 | Ze_Legend · tribute_sent a jugador 8 |
| 45:16 | SvenVonE ツ · tribute_sent a jugador 1 |
| 45:16 | SvenVonE ツ · tribute_sent a jugador 2 |
| 45:16 | SvenVonE ツ · tribute_sent a jugador 4 |
| 45:16 | SvenVonE ツ · tribute_sent a jugador 5 |
| 45:16 | SvenVonE ツ · tribute_sent a jugador 6 |
| 45:16 | SvenVonE ツ · tribute_sent a jugador 7 |
| 45:16 | SvenVonE ツ · tribute_sent a jugador 8 |
| 45:25 | Der ölende Fisch · wall_segment Stone Wall x11 |
| 45:29 | Der ölende Fisch · wall_segment Stone Wall x1 |
| 45:38 | Der ölende Fisch · wall_segment Stone Wall x7 |
| 45:40 | Der ölende Fisch · wall_segment Stone Wall x6 |
| 46:24 | Der ölende Fisch · wall_segment Stone Wall x1 |
| 46:24 | GoodMan · first_market_sell 500 food |
| 46:47 | 家豪豪 · tribute_sent a jugador 1 |
| 46:47 | 家豪豪 · tribute_sent a jugador 2 |
| 46:47 | 家豪豪 · tribute_sent a jugador 3 |
| 46:47 | 家豪豪 · tribute_sent a jugador 4 |
| 46:47 | 家豪豪 · tribute_sent a jugador 5 |
| 46:47 | 家豪豪 · tribute_sent a jugador 6 |
| 46:47 | 家豪豪 · tribute_sent a jugador 7 |
| 48:09 | 家豪豪 · tribute_sent a jugador 1 |
| 48:09 | 家豪豪 · tribute_sent a jugador 2 |
| 48:09 | 家豪豪 · tribute_sent a jugador 3 |
| 48:09 | 家豪豪 · tribute_sent a jugador 4 |
| 48:09 | 家豪豪 · tribute_sent a jugador 5 |
| 48:09 | 家豪豪 · tribute_sent a jugador 6 |
| 48:09 | 家豪豪 · tribute_sent a jugador 7 |
| 49:14 | BalkanRedneck · tribute_sent a jugador 1 |
| 49:14 | BalkanRedneck · tribute_sent a jugador 3 |
| 49:14 | BalkanRedneck · tribute_sent a jugador 4 |
| 49:14 | BalkanRedneck · tribute_sent a jugador 5 |
| 49:14 | BalkanRedneck · tribute_sent a jugador 6 |
| 49:14 | BalkanRedneck · tribute_sent a jugador 7 |
| 49:14 | BalkanRedneck · tribute_sent a jugador 8 |
| 49:53 | 家豪豪 · tribute_sent a jugador 1 |
| 49:53 | 家豪豪 · tribute_sent a jugador 2 |
| 49:53 | 家豪豪 · tribute_sent a jugador 3 |
| 49:53 | 家豪豪 · tribute_sent a jugador 4 |
| 49:53 | 家豪豪 · tribute_sent a jugador 5 |
| 49:53 | 家豪豪 · tribute_sent a jugador 6 |
| 49:53 | 家豪豪 · tribute_sent a jugador 7 |
| 50:48 | SvenVonE ツ · tribute_sent a jugador 1 |
| 50:48 | SvenVonE ツ · tribute_sent a jugador 2 |
| 50:48 | SvenVonE ツ · tribute_sent a jugador 4 |
| 50:48 | SvenVonE ツ · tribute_sent a jugador 5 |
| 50:48 | SvenVonE ツ · tribute_sent a jugador 6 |
| 50:48 | SvenVonE ツ · tribute_sent a jugador 7 |
| 50:48 | SvenVonE ツ · tribute_sent a jugador 8 |
| 52:42 | BalkanRedneck · first_building Archery Range |
| 52:43 | Ze_Legend · tribute_sent a jugador 1 |
| 52:43 | Ze_Legend · tribute_sent a jugador 2 |
| 52:43 | Ze_Legend · tribute_sent a jugador 3 |
| 52:43 | Ze_Legend · tribute_sent a jugador 4 |
| 52:43 | Ze_Legend · tribute_sent a jugador 6 |
| 52:43 | Ze_Legend · tribute_sent a jugador 7 |
| 52:43 | Ze_Legend · tribute_sent a jugador 8 |
| 53:58 | SvenVonE ツ · tribute_sent a jugador 1 |
| 53:58 | SvenVonE ツ · tribute_sent a jugador 2 |
| 53:58 | SvenVonE ツ · tribute_sent a jugador 4 |
| 53:58 | SvenVonE ツ · tribute_sent a jugador 5 |
| 53:58 | Ze_Legend · tribute_sent a jugador 1 |
| 53:58 | Ze_Legend · tribute_sent a jugador 2 |
| 53:58 | Ze_Legend · tribute_sent a jugador 3 |
| 53:58 | Ze_Legend · tribute_sent a jugador 4 |
| 53:58 | Ze_Legend · tribute_sent a jugador 6 |
| 53:58 | Ze_Legend · tribute_sent a jugador 7 |
| 53:58 | Ze_Legend · tribute_sent a jugador 8 |
| 53:58 | SvenVonE ツ · tribute_sent a jugador 6 |
| 53:58 | SvenVonE ツ · tribute_sent a jugador 7 |
| 53:58 | SvenVonE ツ · tribute_sent a jugador 8 |
| 54:02 | Der ölende Fisch · wall_segment Stone Wall x3 |
| 54:05 | Der ölende Fisch · wall_segment Stone Wall x6 |
| 54:12 | Der ölende Fisch · wall_segment Stone Wall x5 |
| 54:15 | Der ölende Fisch · wall_segment Stone Wall x6 |
| 54:24 | Der ölende Fisch · wall_segment Stone Wall x1 |
| 54:33 | Der ölende Fisch · wall_segment Stone Wall x1 |
| 54:41 | Der ölende Fisch · wall_segment Stone Wall x4 |
| 54:41 | 家豪豪 · first_market_buy 500 stone |
| 54:44 | Ze_Legend · tribute_sent a jugador 1 |
| 54:44 | Ze_Legend · tribute_sent a jugador 2 |
| 54:44 | Ze_Legend · tribute_sent a jugador 3 |
| 54:44 | Ze_Legend · tribute_sent a jugador 4 |
| 54:44 | Ze_Legend · tribute_sent a jugador 6 |
| 54:44 | Ze_Legend · tribute_sent a jugador 7 |
| 54:44 | Ze_Legend · tribute_sent a jugador 8 |
| 54:47 | Der ölende Fisch · wall_segment Stone Wall x6 |
| 54:56 | Der ölende Fisch · wall_segment Stone Wall x4 |
| 55:12 | Der ölende Fisch · wall_segment Stone Wall x2 |
| 55:27 | 家豪豪 · tribute_sent a jugador 1 |
| 55:27 | 家豪豪 · tribute_sent a jugador 2 |
| 55:27 | 家豪豪 · tribute_sent a jugador 3 |
| 55:27 | 家豪豪 · tribute_sent a jugador 4 |
| 55:27 | 家豪豪 · tribute_sent a jugador 5 |
| 55:27 | 家豪豪 · tribute_sent a jugador 6 |
| 55:27 | 家豪豪 · tribute_sent a jugador 7 |
| 55:44 | Der ölende Fisch · wall_segment Stone Wall x2 |
| 55:46 | Der ölende Fisch · wall_segment Stone Wall x1 |
| 55:47 | Der ölende Fisch · wall_segment Stone Wall x1 |
| 55:48 | Der ölende Fisch · wall_segment Stone Wall x1 |
| 55:49 | Der ölende Fisch · wall_segment Stone Wall x1 |
| 55:50 | Der ölende Fisch · wall_segment Stone Wall x1 |
| 56:28 | privalovivan99 · first_building Barracks |
| 56:32 | 家豪豪 · tribute_sent a jugador 1 |
| 56:32 | 家豪豪 · tribute_sent a jugador 2 |
| 56:32 | 家豪豪 · tribute_sent a jugador 3 |
| 56:32 | 家豪豪 · tribute_sent a jugador 4 |
| 56:32 | 家豪豪 · tribute_sent a jugador 5 |
| 56:32 | 家豪豪 · tribute_sent a jugador 6 |
| 56:32 | 家豪豪 · tribute_sent a jugador 7 |
| 57:53 | 家豪豪 · tribute_sent a jugador 1 |
| 57:53 | 家豪豪 · tribute_sent a jugador 2 |
| 57:53 | 家豪豪 · tribute_sent a jugador 3 |
| 57:53 | 家豪豪 · tribute_sent a jugador 4 |
| 57:53 | 家豪豪 · tribute_sent a jugador 5 |
| 57:53 | 家豪豪 · tribute_sent a jugador 6 |
| 57:53 | 家豪豪 · tribute_sent a jugador 7 |
| 58:33 | Ze_Legend · resign |
[ AI ANALYSIS · 1 CREDIT ]
What really happened in this match?
Wolo.gg analyzes every decision: build order, eco, micro, common mistakes by bracket. Personalized analysis on WhatsApp or Discord in 30 seconds.
Civ guide
Mapuche
Perfil
Jugador #952946